Map: Glittering Ashes LE

Players

Pumba - Winner!

  • Race: Protoss Protoss
  • League: Gold
  • Spawn Location: 1:00

mudon

  • Race: Terran Terran
  • League: Platinum
  • Spawn Location: 7:00

VOD

Have the link to the VOD?

Description

Time

  • Played on: Feb. 1, 2022, 8:29 p.m.
  • Length: 8:49
Show
View Real Time Build Order
Export as new Build Order

Pumba Protoss - Winner!

Build Orders: 1 Gate Expand, Colossus Rush 

Get SALT Encoding   

  12  0:00  Probe  
  13  0:12  Probe  
  14  0:20  Pylon  
  14  0:29  Probe (Chrono Boost)  
  15  0:41  Probe (Chrono Boost)  
  16  0:46  Gateway  
  16  0:48  Probe (Chrono Boost)  
  17  0:50  Assimilator  
  17  0:55  Probe  
  18  1:08  Probe  
  19  1:20  Probe  
  20  1:26  Nexus  
  20  1:35  Cybernetics Core  
  20  1:37  Probe  
  21  1:47  Assimilator  
  21  1:50  Probe  
  21  1:52  Pylon  
  22  2:02  Probe  
  23  2:09  Warp Gate (Chrono Boost), Stalker (Chrono Boost)  
  23  2:14  Probe  
  26  2:31  Stalker  
  26  2:35  Probe (Chrono Boost)  
  29  2:38  Robotics Facility  
  29  2:44  Probe (Chrono Boost)  
  31  2:52  Probe (Chrono Boost)  
  31  2:53  Probe (Chrono Boost)  
  32  2:58  Probe (Chrono Boost)  
  32  3:02  Probe  
  33  3:08  Gateway  
  33  3:10  Gateway, Probe  
  34  3:14  Probe  
  34  3:15  Pylon  
  35  3:27  Shield Battery  
  35  3:30  Immortal (Chrono Boost)  
  39  3:38  Probe x2  
  41  3:42  Shield Battery  
  41  3:50  Probe  
  41  3:51  Probe  
  41  3:55  Stalker  
  45  4:12  Probe  
  45  4:16  Robotics Bay  
  46  4:18  Stalker x2  
  46  4:19  Stalker  
  46  4:21  Probe (Chrono Boost)  
  53  4:27  Assimilator  
  53  4:29  Assimilator  
  53  4:30  Pylon  
  53  4:31  Probe (Chrono Boost)  
  54  4:35  Pylon  
  54  4:40  Pylon  
  54  4:48  Probe (Chrono Boost)  
  54  4:52  Probe (Chrono Boost)  
  56  4:56  Observer (Chrono Boost)  
  58  5:00  Sentry x2, Probe (Chrono Boost)  
  58  5:03  Sentry  
  58  5:04  Probe (Chrono Boost)  
  58  5:05  Probe (Chrono Boost)  
  66  5:11  Pylon  
  66  5:16  Gateway  
  66  5:18  Colossus (Chrono Boost), Gateway  
  66  5:21  Gateway  
  66  5:26  Gateway  
  72  5:31  Gateway  
  72  5:40  Pylon  
  72  5:43  Pylon  
  72  5:44  Sentry x2, Observer  
  72  5:46  Pylon  
  76  5:50  Sentry  
  78  6:11  Colossus (Chrono Boost)  
  84  6:20  Zealot x2  
  84  6:21  Stalker  
  84  6:23  Extended Thermal Lance (Chrono Boost)  
  91  6:29  Probe  
  91  6:30  Probe  
  92  6:50  Stalker x5  
  92  6:53  Stalker  
  104  6:55  Warp Prism (Chrono Boost)  
  106  7:08  Stalker x2  
  106  7:14  Forge  
  106  7:15  Pylon  
  110  7:17  Pylon  
  110  7:24  Pylon  
  110  7:27  Pylon  
  84  8:07  Stalker x8  
  92  8:32  Stalker x8  
Show
View Real Time Build Order
Export as new Build Order

mudon Terran 

Build Orders:  

Get SALT Encoding   

  12  0:00  SCV  
  13  0:15  Supply Depot  
  13  0:18  SCV  
  14  0:30  SCV  
  15  0:38  Barracks  
  15  0:49  Barracks  
  15  0:51  SCV  
  16  0:57  Refinery  
  16  1:03  SCV  
  17  1:16  Barracks  
  17  1:18  SCV  
  18  1:25  Marine  
  19  1:37  Marine  
  20  1:45  Orbital Command  
  20  1:46  Marine  
  21  1:55  Marine  
  22  2:02  Refinery  
  23  2:10  Supply Depot  
  23  2:17  Marine  
  23  2:18  Barracks Tech Lab  
  23  2:31  Marine  
  23  2:32  SCV  
  23  2:35  Marine  
  26  2:43  Stimpack  
  26  2:45  SCV  
  27  2:52  Marine  
  27  2:53  Supply Depot, Marauder, Marine  
  31  3:12  Factory  
  31  3:14  SCV  
  32  3:20  Supply Depot  
  32  3:26  SCV  
  33  3:34  Command Center  
  33  3:40  SCV  
  34  3:52  SCV  
  34  3:53  Marine  
  34  3:54  Marauder, Marine  
  32  4:11  Marine  
  32  4:13  Marine  
  32  4:15  Marauder  
  36  4:25  Concussive Shells  
  36  4:29  Marine  
  37  4:32  Factory Tech Lab  
  37  4:36  SCV  
  37  4:38  Marauder, Marine  
  40  4:39  Engineering Bay  
  41  4:47  Marine  
  42  4:53  SCV  
  42  4:56  Marine  
  44  5:05  SCV, Planetary Fortress  
  45  5:11  Combat Shield  
  45  5:15  Missile Turret  
  45  5:17  SCV  
  45  5:19  Marauder, Marine x2  
  50  5:22  Siege Tank  
  53  5:29  SCV  
  53  5:31  Terran Infantry Weapons Level 1  
  54  5:37  Marine  
  54  5:40  Marine  
  54  5:41  Missile Turret, Marauder  
  58  5:47  Missile Turret  
  58  5:48  SCV  
  58  5:49  SCV  
  60  6:02  Refinery  
  62  6:04  Marauder  
  62  6:31  Command Center  
  62  6:39  Starport  
  62  6:52  Supply Depot  
  62  6:57  Armory  
  62  7:13  SCV, Siege Tank, Marine x2, Marauder  
  62  7:14  Supply Depot  
  70  7:21  Starport Tech Lab  
  70  7:24  Missile Turret  
  70  7:29  Fusion Core  
  70  7:35  SCV x2, Marine x2  
  70  7:36  Marauder  
  76  7:43  Orbital Command  
  76  7:45  Engineering Bay  
  76  7:48  SCV  
  68  7:53  Marine  
  68  7:57  Marauder  
  61  8:09  Marine  
  61  8:11  Marine  
  59  8:19  Marauder  
  43  8:27  Marine  
  43  8:29  Marine  
Tags
 
Add a new tag
Caveats
  • Supply blocks, unpowered buildings, or Contaminate may cause inaccurate times.
  • Supply counts are checked every 10 seconds.